 Dungeon Crawl Stone Soup version 0.30-a0-591-g3c58d2bc28 (webtiles) character file.

Game seed: 10954089350524381651

870 flotson the Sneak (level 7, -1/55 HPs)
             Began as a Demonspawn Delver on Jan 5, 2023.
             Slain by an ogre
             ... wielding a +0 giant club
              (20 damage)
             ... on level 5 of the Dungeon.
             The game lasted 00:08:17 (4012 turns).

flotson the Sneak (Demonspawn Delver)               Turns: 4012, Time: 00:08:17

Health: -1/55      AC: 17    Str: 14    XL:     7   Next: 73%
Magic:  7/7        EV: 10    Int: 11    God:
Gold:   192        SH:  0    Dex: 15    Spells: 6/6 levels left

rFire   . . .      SeeInvis .    D - +0 battleaxe
rCold   . . .      Faith    .    (shield currently unavailable)
rNeg    . . .      Spirit   .    x - +0 scale mail
rPois   .          Reflect  .    (helmet restricted)
rElec   .          Harm     .    J - +2 cloak
rCorr   .          Rampage  .    F - +0 pair of gloves
Will    +....                    (no boots)
Stlth   ++                       (no amulet)
HPRegen 0.29/turn                C - ring of flight
MPRegen 0.10/turn                G - ring of willpower

@: sanguine armoured, flying
A: horns 1, foul stench 1, powered by death 2, sanguine armour 1
a: no special abilities


You were on level 5 of the Dungeon.
You visited 1 branch of the dungeon, and saw 5 of its levels.

You collected 192 gold pieces.

Inventory:

Hand Weapons
 a - a +0 hand axe
 b - a +0 sling
 B - a +6 club
 D - a +0 battleaxe (weapon)
 H - a +1 whip of electrocution
Missiles
 n - 5 boomerangs (quivered)
Armour
 x - a +0 scale mail (worn)
 F - a +0 pair of gloves (worn)
 J - a +2 cloak (worn)
Jewellery
 C - a ring of flight (left hand)
 G - a ring of willpower (right hand)
Wands
 g - a wand of digging (2)
 h - a wand of iceblast (10)
Scrolls
 c - 2 scrolls of blinking {unknown}
 d - 2 scrolls of magic mapping
 e - 8 scrolls of identify {unknown}
 j - a scroll of enchant armour {unknown}
 k - a scroll of fog
 m - 4 scrolls of teleportation {unknown}
 o - a scroll of silence {unknown}
 s - a scroll of butterflies {unknown}
 u - a scroll of brand weapon {unknown}
 v - 3 scrolls of immolation {unknown}
 w - a scroll of torment {unknown}
 y - 2 scrolls of poison {unknown}
 E - a scroll of enchant weapon {unknown}
 I - a scroll of fear
Potions
 f - 2 potions of curing
 i - 2 potions of brilliance {unknown}
 l - a potion of heal wounds
 p - 2 potions of ambrosia
 q - 3 potions of flight
 r - 3 potions of cancellation {unknown}
 t - a potion of attraction {unknown}
 z - a potion of magic {unknown}
 A - a potion of degeneration {unknown}


   Skills:
 + Level 4.5 Fighting
 + Level 3.6 Axes
 + Level 2.7 Throwing
 + Level 3.0 Armour
 + Level 3.6 Dodging
 - Level 5.0 Stealth
 + Level 3.1 Evocations


You had 6 spell levels left.
You didn't know any spells.
Your spell library contained the following spells:

 Spells                   Type           Power      Damage    Failure   Level
 Frozen Ramparts          Ice            0%         1d1       99%         3
 Gell's Gravitas          Tloc           0%         N/A       99%         3
 Ignite Poison            Fire/Tmut/Pois 0%         N/A       99%         3
 Teleport Other           Tloc           0%         N/A       99%         3
 Ice Form                 Ice/Tmut       0%         N/A       100%        4
 Sticky Flame             Conj/Fire      0%         2d3       100%        4
 Summon Ice Beast         Ice/Summ       0%         N/A       100%        4
 Dispersal                Tloc           0%         N/A       100%        6
 Ignition                 Fire           0%         3d3       100%        8


Dungeon Overview and Level Annotations

Branches:
Dungeon (5/15)
 Temple: D:4-7

Altars:


Innate Abilities, Weirdness & Mutations

You have a pair of small horns on your head.
You may rarely emit foul miasma when damaged in melee.
You regenerate health from kills.
When seriously injured, your blood forms armour. (AC +6)


Message History

You closely miss the adder. Your headbutt misses the adder.
The adder is heavily wounded.
The adder completely misses you. The adder closely misses you.
You closely miss the adder. Your headbutt misses the adder.
The adder is heavily wounded.
The adder bites you but does no damage. The adder bites you.
You emit a cloud of foul miasma!
You hit the adder. Your headbutt misses the adder.
The adder is severely wounded.
You hit the ogre.
The ogre hits you with a +0 giant club!!
Your blood congeals into armour.
The adder is engulfed in dark miasma.
The adder is poisoned.
The adder misses you.
The adder is engulfed in dark miasma.
The adder looks even sicker.
You kill the adder!
You are too injured to fight recklessly!
You are too injured to fight recklessly!
You are too injured to fight recklessly!
You are too injured to fight recklessly!
You are too injured to fight recklessly!
You are too injured to fight recklessly!
You are too injured to fight recklessly!
You are too injured to fight recklessly!
The ogre attacks as you move away! The ogre barely misses you.
You barely miss the ogre. You headbutt the ogre.
The ogre is lightly wounded.
The ogre completely misses you.
You hit the ogre.
The ogre is moderately wounded.
The ogre closely misses you.
You hit the ogre.
The ogre is moderately wounded.
The ogre hits you with a +0 giant club!
Aiming: Iceblast
Press: ? - help, Shift-Dir - straight line The mass of ice explodes!
The iceblast engulfs the ogre!
The ogre is severely wounded.
You hear an angry hiss. x2
The ogre hits you with a +0 giant club!!
You die...

#........... ..........
##+#####..........
#....<..##....####
#.......+........#
#.......##.......#
#.......###......# ## #.......#
#......# .. #...@...# #......#
.. #..O°...# #......##..
######### #.......# ####.####..
#.......####.......# #<..###..
#..................# #S#..##..
#......[...........# #S##..#..
#..................# #.###....
##...............#######.#......
#...........###.#.S.S...#......


You could see an ogre.

Vanquished Creatures
  Sigmund (D:2)
  A water moccasin (D:5)
  2 phantoms (D:4)
  A bullfrog (D:3)
  2 hounds (D:4)
  2 orc priests (D:3)
  Jessica (D:3)
  An iguana (D:4)
  2 orc wizards (D:4)
  Terence (D:3)
  5 adders
  3 worms
  2 dart slugs
  14 orcs
  9 ball pythons
  5 endoplasms
  4 giant cockroaches
  11 goblins
  12 hobgoblins
  8 kobolds
  3 quokkas
  6 bats
  A frilled lizard (D:3)
  9 rats
106 creatures vanquished.

Notes
Turn   | Place    | Note
-------+----------+-------------------------------------------
     0 | D:5      | flotson the Demonspawn Delver began the quest for the Orb.
     0 | D:5      | Reached XP level 1. HP: 18/18 MP: 1/1
    61 | D:4      | Noticed a phantom
    66 | D:4      | Noticed an iguana
   173 | D:2      | Gained mutation: You regenerate a little health from kills.
                  | [demonic ancestry]
   173 | D:2      | Reached XP level 2. HP: 17/24 MP: 2/2
   456 | D:1      | Reached XP level 3. HP: 25/29 MP: 3/3
   931 | D:1      | Reached skill level 1 in Armour
  1207 | D:2      | Noticed Sigmund
  1713 | D:2      | Reached skill level 1 in Evocations
  1717 | D:2      | Gained mutation: You regenerate health from kills. [demonic
                  | ancestry]
  1717 | D:2      | Reached XP level 4. HP: 27/35 MP: 4/4
  1978 | D:3      | Noticed a bullfrog
  1988 | D:3      | Killed a bullfrog
  1989 | D:3      | Reached skill level 1 in Throwing
  1989 | D:3      | Gained mutation: You have a pair of small horns on your
                  | head. [demonic ancestry]
  1989 | D:3      | Reached XP level 5. HP: 23/41 MP: 5/5
  2030 | D:3      | Noticed Jessica
  2040 | D:3      | HP: 2/41 [Jessica/+6 club (7)]
  2041 | D:3      | Killed Jessica
  2046 | D:3      | Noticed Terence
  2222 | D:2      | Killed Sigmund
  2223 | D:2      | Reached skill level 5 in Stealth
  2223 | D:2      | Gained mutation: When seriously injured, your blood forms
                  | armour. (AC +6) [demonic ancestry]
  2223 | D:2      | Reached XP level 6. HP: 48/48 MP: 6/6
  2603 | D:3      | Killed Terence
  3140 | D:4      | Gained mutation: You may rarely emit foul miasma when
                  | damaged in melee. [demonic ancestry]
  3140 | D:4      | Reached XP level 7. HP: 54/54 MP: 7/7
  4012 | D:5      | Slain by an ogre

Illustrated notes

Levels and vault maps discovered:
D:1:      wander_arrival_chamber, layout_loops_cross, serial_forest,
          infiniplex_forest_lined_4_way, infiniplex_forest_lined_2,
          infiniplex_forest_clump_curved, infiniplex_forest_zigzag_1,
          infiniplex_forest_side_room, kennysheep_flooded_box
D:2:      layout_basic, fountainhead, minmay_misc_feat_pillars,
          minmay_goblin_outpost, uniq_sigmund
D:3:      layout_basic, chequers_serial_rivers_large_a,
          minmay_stone_trees_small, uniq_jessica, uniq_terence
D:4:      layout_basic
D:5:      layout_basic

Skill      XL: |  1  2  3  4  5  6  7 |
---------------+----------------------+-----
Dodging        | 2 3 |  3.6
Axes           | 2 3 |  3.6
Armour         | 1 2 3 |  3.0
Evocations     | 1 2 3 |  3.1
Throwing       | 1 2 |  2.7
Stealth        | 5 |  5.0
Fighting       | 4 |  4.5

Action                   |  1- 3 |  4- 6 |  7- 9 || total
-------------------------+-------+-------+-------++-------
Melee: Hand axe          |   132 |    32 |       ||   164
       Punch             |     1 |       |       ||     1
       Club              |       |    63 |       ||    63
       Headbutt          |       |    27 |    14 ||    41
       Battleaxe         |       |    44 |    53 ||    97
 Fire: Sling             |    25 |     3 |       ||    28
Throw: Boomerang         |       |       |     2 ||     2
Evoke: Wand              |     1 |     3 |     1 ||     5
  Use: Scroll            |     2 |       |       ||     2
       Potion            |     1 |     4 |       ||     5
 Stab: Sleeping          |    12 |     2 |       ||    14
Armor: Leather armour    |    25 |       |       ||    25
       Scale mail        |    21 |    72 |    24 ||   117
Dodge: Dodged            |   111 |    92 |    28 ||   231

Table legend: (Time is in decaauts)
 A = Elapsed time spent in this place.
 B = Non-inter-level travel time spent in this place.
 C = Inter-level travel time spent in this place.
 D = Time resting spent in this place.
 E = Time spent auto-exploring this place.
 F = Levels seen in this place.
 G = Mean time per level.
                   A        B        C        D        E       F      G
               +--------+--------+--------+--------+--------+-----+--------+
         Total |   4107 |   3973 |    134 |    119 |   2807 |   5 |  821.4 |
       Dungeon |   4107 |   3973 |    134 |    119 |   2807 |   5 |  821.4 |
               +--------+--------+--------+--------+--------+-----+--------+

Top non-repeatable levels by time:
     D:2: 1082 daAuts
     D:1: 1050 daAuts
     D:4: 1006 daAuts
     D:3: 734 daAuts
     D:5: 232 daAuts
